 Dungeon Crawl Stone Soup version 0.23-a0-643-g9ccc95a (webtiles) character file.

32 dondy the Grave Robber (level 3, -1/19 HPs)
             Began as a Deep Elf Necromancer on Dec 31, 2018.
             Was an Initiate of Ashenzari.
             Slain by a hobgoblin
             ... wielding a +0 club
              (5 damage)
             ... on level 2 of the Dungeon.
             The game lasted 00:02:52 (976 turns).

dondy the Grave Robber (Deep Elf Necromancer)        Turns: 976, Time: 00:02:53

Health: -1/19      AC:  0    Str:  5    XL:     3   Next: 8%
Magic:  3/9        EV: 12    Int: 20    God:    Ashenzari [......]
Gold:   57         SH:  3    Dex: 15    Spells: 7/8 levels left

rFire    . . .     SeeInvis .   h - +2 mace (holy)
rCold    . . .     Gourm    .   b - +0 buckler
rNeg     . . .     Faith    .   g - -2 robe (curse)
rPois    .         Spirit   .   (no helmet)
rElec    .         Reflect  .   (no cloak)
rCorr    .         Harm     .   (no gloves)
MR       .....                  (no boots)
Stlth    ++........             (no amulet)
HPRegen  0.06/turn              (no ring)
MPRegen  0.11/turn              (no ring)

@: lethally poisoned (-1 -> -6), flying
A: no striking features
a: Curse Item, Renounce Religion


You were on level 2 of the Dungeon.
You worshipped Ashenzari.
Ashenzari was noncommittal.
You were not hungry.

You visited 1 branch of the dungeon, and saw 2 of its levels.

You collected 57 gold pieces.

Inventory:

Hand Weapons
 h - a +2 mace of holy wrath (weapon)
Armour
 a - a +0 robe
 b - a +0 buckler (worn)
 g - a cursed -2 robe (worn)
 j - a +2 ring mail of fire resistance
Scrolls
 d - a scroll of identify {unknown}
 e - a scroll of enchant armour {unknown}
Potions
 i - a potion of flight
 k - a potion of lignification {unknown}
 l - a potion of invisibility {unknown}
Comestibles
 c - 2 rations
 f - 3 chunks of flesh


   Skills:
 + Level 2.5 Dodging
 - Level 2.4 Stealth
 + Level 3.4 Spellcasting
 + Level 5.8 Necromancy


You had 7 spell levels left.
You knew the following spells:

 Your Spells              Type           Power        Failure   Level  Hunger
a - Pain                  Necr           ####         1%          1    None

Your spell library contained the following spells:

 Spells                   Type           Power        Failure   Level  Hunger
 Animate Skeleton         Necr           N/A          1%          1    None
 Vampiric Draining        Necr           ####......   6%          3    ###....
 Regeneration             Chrm/Necr      ###.......   21%         3    ###....
 Animate Dead             Necr           N/A          21%         4    ####...


Dungeon Overview and Level Annotations

Branches:
Dungeon (2/15)

Altars:
Ashenzari


Message History

Aim: an adder (moderately wounded, chance to defeat MR: 88%)
The adder writhes in agony!
The adder closely misses you. The adder completely misses you.
Casting: Pain (safe; 2% risk of failure)
Confirm with . or Enter, or press ? or * to list all spells.
Aiming: Pain (safe; 2% risk of failure)
Press: ? - help, Shift-Dir - straight line, f/p - adder
Aim: an adder (almost dead, chance to defeat MR: 88%)
The adder writhes in agony!
You kill the adder!
You have reached level 3!
Your experience leads to an increase in your attributes!
Increase (S)trength, (I)ntelligence, or (D)exterity?
You feel clever.
It was a potion of flight.
You feel very buoyant.
You fly up into the air.
* * * LOW HITPOINT WARNING * * *
You feel sick. The hobgoblin hits you with a +0 club.
You die...

#...... #......
#......
#......#########
#.%............#
#......J.......#
#....S.........#
########........##
#.....@gJ.......<#
#.######........##
#.######........#
#......#........#
######.#........#
#.#........#
#.#........#
######.#........##
#.................#


You could see an ooze and a hobgoblin.

Vanquished Creatures
  An adder (D:2)
  3 leopard geckos (D:1)
  A bat (D:1)
  2 giant cockroaches
  2 goblins (D:1)
  3 hobgoblins (D:1)
  A ball python (D:1)
  A frilled lizard (D:1)
  3 kobolds (D:1)
  3 rats (D:1)
20 creatures vanquished.

Notes
Turn   | Place    | Note
-------+----------+-------------------------------------------
     0 | D:1      | dondy the Deep Elf Necromancer began the quest for the Orb.
     0 | D:1      | Reached XP level 1. HP: 10/10 MP: 6/6
     8 | D:1      | Found a shattered altar of Ashenzari.
    16 | D:1      | Became a worshipper of Ashenzari the Shackled
    52 | D:1      | Reached skill level 5 in Necromancy
   283 | D:1      | Reached XP level 2. HP: 14/15 MP: 4/8
   975 | D:2      | Reached XP level 3. HP: 6/19 MP: 2/9
   976 | D:2      | Slain by a hobgoblin

Vault maps used:
D:1:      dpeg_arrival_tiny_k, minmay_stone_trees_small,
          hangedman_decor_opposing, evilmike_ruin_ashenzari
D:2:      grunt_temple_overflow_order_and_chaos_1, hangedman_glass_garden,
          nicolae_ru_great_annihilating_truth

Skill      XL: |  1 |
---------------+----+-----
Necromancy     | 5 |  5.8
Dodging        | |  2.5
Stealth        | |  2.4
Spellcasting   | |  3.4

Action                   || total
-------------------------++-------
 Cast: Pain              ||    33
  Use: Potion            ||     1
Dodge: Dodged            ||     3
Block: Buckler           ||     4

Table legend:
 A = Non-vault XP
 B = Vault XP
 C = Vault XP percentage of total XP
 D = Non-vault monster count
 E = Vault monster count
 F = Vault count percentage of total count
                 A         B        C        D         E       F
            +---------+---------+-------+---------+---------+-------
      Total |      46 |       0 |   0.0 |      20 |       0 |   0.0
            +---------+---------+-------+---------+---------+-------
        D:1 |      31 |       0 |   0.0 |      18 |       0 |   0.0
        D:2 |      15 |       0 |   0.0 |       2 |       0 |   0.0
            +---------+---------+-------+---------+---------+-------
